Cogmind - Beta 17 @@@ ROGUE MODE // 2026.07.23 @ 20:39:56 Player: Arttano Result: Destroyed by S-43 Plague with Heavy Machine Gun Performance ------------- Evolutions (9) 4500 Regions Visited (13) 2600 Robots Destroyed (108) 540 Value Destroyed (3713) 3713 Prototype IDs (26) 520 Alien Tech Used (0) 0 Bonus (0) 0 TOTAL SCORE: 11873 Bonus ------- None Cogmind --------- Core Integrity 0/1600 Matter 244/300 Energy 99/100 System Corruption 15% Temperature Cool (0) Movement Core (50) Location -1/Access Parts ------- > --- POWER (2) -------- (None) > --- PROPULSION (7) --- (None) > --- UTILITY (14) ----- Experimental Optical Array Advanced Signal Interpreter Advanced Target Analyzer Advanced Target Analyzer > --- WEAPON (2) ------- (None) > --- INVENTORY (5) ---- Micro Antimatter Reactor Hardcell Cannon Enhanced Hardcell Cannon Peak State ------------ > --- POWER ------------ Particle Reactor Light Particle Reactor > --- PROPULSION ------- Advanced Heavy Siege Treads Antigrav Array Antigrav Array Improved Cesium-ion Thruster > --- UTILITY ---------- Machine Analyzer Enhanced Optical Array Advanced Signal Interpreter Advanced Terrain Scanner Advanced Transmission Jammer Advanced ECM Suite Hacking Suite Hacking Suite Hacking Suite Improved Hacking Suite System Shield Advanced System Shield > --- WEAPON ----------- HERF Cannon HERF Cannon > --- INVENTORY -------- Light Nuclear Core Cooled VTOL Module Advanced Heat Sink HERF Cannon HERF Cannon [Rating: 139] Favorites ----------- Power Light Nuclear Core Engine Ion Engine Power Core Light Nuclear Core Reactor Light Antimatter Reactor Propulsion Light Treads Treads Light Treads Leg Aluminum Leg Wheel Wheel Hover Unit Improved Antigrav System Flight Unit Cooled VTOL Module Utility Hacking Suite Device Advanced Transmission Jammer Storage Large Storage Unit Processor Machine Analyzer Hackware Hacking Suite Protection Improved Light Armor Plating Weapon Improved Light Cannon Energy Gun Enhanced Quantum Rifle Energy Cannon HERF Cannon Ballistic Gun Light Assault Rifle Ballistic Cannon Improved Light Cannon Launcher Mini Grenade Launcher Impact Weapon Impact Mace Slashing Weapon Chainsword Build | -11 -10 -10 -10 -8 -7 -6 -6 -6 -5 -4 -3 -2 -1 ------- Run | Yrd Mat Min Sub Mat Fac Fac Was Fac Fac Fac Res Res Acc Slots Evolved 18 | . . . . 4 2 2 . . 2 2 2 2 2 Power 1 | . . . . . . 1 . . . . . . . Propulsion 5 | . . . . 2 1 1 . . . . 1 . . Utility 12 | . . . . 2 1 . . . 2 2 1 2 2 Weapon . | . . . . . . . . . . . . . . Parts Attached 146 | 3 7 1 . 13 21 2 . 7 14 14 6 48 10 Power 21 | . 1 1 . 1 1 2 . 1 2 4 2 6 . Engine 6 | . 1 1 . 1 . . . . . 2 . 1 . Core 8 | . . . . . 1 2 . 1 2 1 1 . . Reactor 7 | . . . . . . . . . . 1 1 5 . Propulsion 47 | 2 1 . . 5 7 . . . 2 4 1 16 9 Treads 22 | 1 . . . 5 . . . . . . . 8 8 Leg . | . . . . . . . . . . . . . . Wheel 4 | 1 1 . . . 1 . . . . . . 1 . Hover 6 | . . . . . . . . . . . . 6 . Flight 15 | . . . . . 6 . . . 2 4 1 1 1 Utility 53 | 1 3 . . 4 9 . . 4 8 6 3 15 . Device 17 | 1 1 . . 1 2 . . 1 4 3 1 3 . Storage 7 | . 2 . . 1 . . . . 1 . 1 2 . Processor 14 | . . . . . 4 . . 3 . 2 . 5 . Hackware 7 | . . . . . 1 . . . 2 . 1 3 . Protection 8 | . . . . 2 2 . . . 1 1 . 2 . Artifact . | . . . . . . . . . . . . . . Weapon 25 | . 2 . . 3 4 . . 2 2 . . 11 1 Energy Gun 3 | . . . . . . . . . . . . 3 . Energy Cannon 6 | . . . . . . . . . . . . 6 . Ballistic Gun 1 | . . . . 1 . . . . . . . . . Ballistic Cannon 8 | . 2 . . 1 1 . . . 1 . . 2 1 Launcher 2 | . . . . 1 1 . . . . . . . . Special Weapon . | . . . . . . . . . . . . . . Impact Weapon 1 | . . . . . . . . 1 . . . . . Slashing Weapon 4 | . . . . . 2 . . 1 1 . . . . Piercing Weapon . | . . . . . . . . . . . . . . Special Melee Weapon . | . . . . . . . . . . . . . . Unidentified Prototypes 13 | . . . . 1 3 . . 1 3 . 1 2 2 Parts Lost 85 | . 2 . . 7 1 2 . 4 2 3 9 44 11 Power 12 | . 1 . . . . . . 1 . 1 2 7 . Propulsion 34 | . . . . 2 . 2 . 2 . 2 3 14 9 Utility 26 | . 1 . . 3 . . . 1 2 . 2 15 2 Weapon 13 | . . . . 2 1 . . . . . 2 8 . Highest Loss Streak 11 | . 1 . . 2 1 1 . 4 1 2 6 11 4 To Critical Strikes 2 | . . . . . . . . . . . . 1 1 Average Backups 7 | 6 10 15 15 15 9 4 5 5 4 3 4 3 4 Power 1 | 1 1 2 2 3 2 . . . . . . . 1 Propulsion 1 | 3 2 3 3 2 1 . . . . . . . . Utility 2 | . 2 3 3 3 3 3 4 4 2 1 3 1 . Weapon 1 | 1 3 6 6 4 1 1 1 1 1 . . . 3 Tool/Special . | . . . . . . . . . . . . . . Unused Backups 39 | 7 2 1 . 2 13 . . 3 . 2 6 2 1 Power 8 | 2 1 1 . 1 3 . . . . . . . . Propulsion 5 | 2 . . . . 1 . . . . 1 . 1 . Utility 17 | 1 . . . . 5 . . 3 . 1 6 1 . Weapon 7 | 2 1 . . 1 2 . . . . . . . 1 Tool/Special 2 | . . . . . 2 . . . . . . . . Average Slot Usage (%) 84 | . 99 100 100 92 99 94 80 78 73 90 83 69 36 Engine 4 | . 14 14 14 9 2 . . . . 1 . . . Core 3 | . . . . . 4 13 13 12 9 4 4 1 . Reactor 1 | . . . . . . . . . . 3 3 3 . Treads 9 | . 14 14 14 31 10 . . . . . . 6 11 Wheel 3 | . 14 14 14 3 6 . . . . . . . . Flight 12 | . . . . . 20 35 26 25 17 24 22 5 2 Device 8 | . 13 14 14 9 2 6 6 5 4 15 14 6 . Storage 3 | . 14 14 14 9 2 . . . . . . 1 . Processor 11 | . . . . . 17 20 20 20 17 15 14 14 20 Hackware 8 | . . . . . 6 6 6 6 15 10 12 20 2 Protection 3 | . . . . 13 6 . . . . 3 3 . . Ballistic Gun 2 | . 17 . . . 1 . . . . . . . . Ballistic Cannon 5 | . 10 28 28 15 4 5 . . . . . . 1 Launcher 1 | . . . . . 2 . . . . 3 . . . Slashing Weapon 2 | . . . . . 5 6 6 3 3 5 3 . . Peak Build Rating 139 | 7 12 12 12 25 44 50 41 54 61 88 103 139 98 Average Rating 53 | 6 9 12 12 20 35 47 41 47 54 81 97 90 73 On Entrance 36 | 6 7 12 12 12 21 44 41 41 35 61 87 65 72 Avg Prop Armor Cover (%) 16 | 12 11 10 10 14 5 1 . . 2 1 . 31 42 Naked Turns . | . . . . . . . . . . . . . . Heaviest Build 120 | 14 34 34 34 63 57 17 15 18 18 31 38 120 13 Greatest Support 187 | 20 10 10 10 82 24 27 19 19 25 38 45 162 187 Greatest Overweight (x) 28 | 1 3 3 3 3 3 . . . . . . 28 4 Average Overweight (x) . | . 1 3 3 . . . . . . . . . . Largest Inventory Capacity 25 | 8 15 15 15 20 20 5 5 5 5 5 15 25 5 Average Capacity 8 | 8 11 15 15 16 10 5 5 5 5 5 5 7 5 Most Carried 20 | 8 15 15 15 19 20 5 5 5 5 5 9 9 5 Average Carried 7 | 6 10 15 15 15 9 4 5 4 4 4 4 4 4 Final Capacity 20 | 8 15 15 15 20 5 5 5 5 5 5 5 5 5 Final Carried 18 | 7 15 15 15 18 5 5 5 5 4 5 5 5 3 Class Distribution -------------------- 38% | Mutant 12% | Hacker-Sprinter 10% | Scavenger-Ninja 7% | Scavenger-Sprinter 6% | Scout 5% | Hacker-Mutant 5% | Wizard-Mutant 5% | Hacker-Ninja 3% | Scavenger-Scout Dominant Class ---------------- Mutant | -10/Materials Mutant | -10/Mines Mutant | -10/Subcaves Mutant | -8/Materials Scavenger-Sprinter | -7/Factory Scavenger-Scout | -6/Factory Scout | -6/Waste Scout | -6/Factory Hacker-Sprinter | -5/Factory Scavenger-Ninja | -4/Factory Hacker-Ninja | -3/Research Wizard-Mutant | -2/Research Mutant | -1/Access Resources | -11 -10 -10 -10 -8 -7 -6 -6 -6 -5 -4 -3 -2 -1 ----------- Run | Yrd Mat Min Sub Mat Fac Fac Was Fac Fac Fac Res Res Acc Matter Collected 3269 | 287 306 90 . 585 402 38 . 120 254 497 125 484 81 Remotely . | . . . . . . . . . . . . . . Salvage Created 4082 | 164 594 87 . 554 266 38 . 137 239 496 107 1400 . Parts 232 | 14 35 3 . 52 15 3 . 4 7 36 4 59 . Haulers Intercepted 5 | . 2 . . 2 . . . . . . 1 . . Recyclers Shooed 5 | . 1 . . 2 . . . . 1 . . 1 . Parts Field Recycled . | . . . . . . . . . . . . . . Retrieved Matter . | . . . . . . . . . . . . . . Parts Self-Destructed . | . . . . . . . . . . . . . . Prevented . | . . . . . . . . . . . . . . Parts Restored . | . . . . . . . . . . . . . . Kills | -11 -10 -10 -10 -8 -7 -6 -6 -6 -5 -4 -3 -2 -1 ------- Run | Yrd Mat Min Sub Mat Fac Fac Was Fac Fac Fac Res Res Acc Combat Hostiles Destroyed 63 | . 15 2 . 17 8 . . 2 . 4 . 15 . Melee 6 | . . . . . 1 . . . . 4 . 1 . Guns 16 | . 12 . . . . . . . . . . 4 . Cannons 23 | . 3 2 . 14 2 . . . . . . 2 . AOE 9 | . . . . 3 5 . . . . . . 1 . Classes Destroyed 16 | 2 5 . . 6 . . . 1 . 1 . 1 . Worker 5 | . . . . 1 1 . . . 1 2 . . . Builder 5 | . . . . 1 . . . 1 . 3 . . . Tunneler 6 | 5 . . . 1 . . . . . . . . . Hauler 5 | . 2 . . 2 . . . . . . 1 . . Recycler 5 | 1 1 . . . . . . . 1 1 . 1 . Mechanic 1 | . . . . 1 . . . . . . . . . Operator 7 | . 1 . . . 1 2 . 1 1 . 1 . . Watcher 11 | . 2 . . 2 2 . . . 2 3 . . . Swarmer 15 | . 8 . . 4 . . . . . 3 . . . Cutter 2 | . . . . 2 . . . . . . . . . Grunt 21 | . 7 2 . 6 6 . . . . . . . . Brawler 2 | . . . . 1 1 . . . . . . . . Sentry 9 | . . . . 4 1 . . 1 . . . 3 . Hunter 7 | . . . . . . . . . . . . 7 . Programmer 6 | . . . . . . . . . . 1 . 5 . Heavy 1 | . . . . . . . . 1 . . . . . Best Kill Streak 6 | 4 6 2 . 4 6 1 . 2 2 3 1 3 . Combat Bots Only 6 | . 6 2 . 3 5 . . 1 . 3 . 3 . Max Kills in Single Turn 3 | 1 2 1 . 2 3 1 . 1 1 1 1 1 . Gunslinging 1 | . 1 . . . . . . . . . . . . Exploded 3 | . . . . 2 3 . . . . . . 1 . Melee 1 | . . . . . 1 . . . . 1 . 1 . Uniques/NPCs Destroyed . | . . . . . . . . . . . . . . Combat | -11 -10 -10 -10 -8 -7 -6 -6 -6 -5 -4 -3 -2 -1 -------- Run | Yrd Mat Min Sub Mat Fac Fac Was Fac Fac Fac Res Res Acc Hostile Shots Fired 1366 | . 68 1 . 134 48 29 . 16 30 27 52 504 457 Missed 500 | . 15 1 . 41 19 13 . 8 17 10 19 185 172 Hits 866 | . 53 . . 93 29 16 . 8 13 17 33 319 285 Melee 5 | . . . . 5 . . . . . . . . . Projectile 861 | . 53 . . 88 29 16 . 8 13 17 33 319 285 AOE 3 | . . . . 1 . . . 1 1 . . . . Critical Strikes 40 | . . . . 7 . . . 1 2 . 10 14 6 Part Disruptions 2 | . . . . . . . . . . . 1 . 1 Damage Taken 17891 | . 525 . . 1470 345 169 . 210 286 407 939 7007 6533 Core 3089 | . 74 . . 68 68 5 . 92 39 105 145 888 1605 Absorbed by Shields 70 | . . . . . . . . . . . . 70 . Reduced by Siege Mode 155 | . . . . . . . . . . . . 155 . Core Remaining (%) 83 | 100 . . 70 87 90 . . 88 96 90 88 38 . Volleys Fired 245 | 15 63 2 . 83 21 . . . . . . 61 . Largest 2 | 2 2 2 . 2 2 . . . . . . 2 . Hottest 195 | 40 66 66 . 66 53 . . . . . . 195 . Shots Fired 419 | 30 126 4 . 145 22 . . . . . . 92 . Gun 162 | 30 88 . . 10 1 . . . . . . 33 . Cannon 244 | . 38 4 . 133 10 . . . . . . 59 . Launcher 13 | . . . . 2 11 . . . . . . . . Special . | . . . . . . . . . . . . . . Kinetic 316 | 30 126 4 . 143 11 . . . . . . 2 . Thermal 48 | . . . . . . . . . . . . 48 . Explosive 13 | . . . . 2 11 . . . . . . . . Electromagnetic 42 | . . . . . . . . . . . . 42 . Robot Hit Streak 18 | 6 7 7 . 11 10 . . . . . . 18 . Robot Miss Streak 4 | 1 3 . . 4 2 . . . . . . 3 . Penetration Max . | . . . . . . . . . . . . . . Secondary Targets 1 | . 1 . . . . . . . . . . . . Max Gunslinging Chain 1 | . 1 . . . . . . . . . . . . Shots Hit Robots 345 | 19 75 3 . 87 21 5 . 12 12 21 17 73 . Core Hits 152 | 10 31 3 . 38 25 2 . 1 4 10 3 23 2 Critical Kills 1 | 1 . . . . . . . . . . . . . Critical Parts Destroyed 2 | . . . . . . . . 2 . . . . . Critical Strikes 19 | 1 1 1 . 4 5 . . 3 . 1 3 . . Destroy 1 | 1 . . . . . . . . . . . . . Blast 7 | . 1 1 . 4 1 . . . . . . . . Smash 2 | . . . . . . . . 2 . . . . . Sever 9 | . . . . . 4 . . 1 . 1 3 . . Melee Attacks 279 | . . . . . 37 44 . 49 45 59 45 . . Impact 29 | . . . . . . . . 23 6 . . . . Slashing 250 | . . . . . 37 44 . 26 39 59 45 . . Piercing . | . . . . . . . . . . . . . . Sneak Attacks 18 | . . . . . . 1 . 4 3 8 2 . . Combat Hostiles 3 | . . . . . . 1 . 1 . 1 . . . Follow-up Attacks . | . . . . . . . . . . . . . . Damage Inflicted 10852 | 183 1036 67 . 2012 1298 239 . 620 670 1254 791 2611 71 Guns 1692 | 183 610 . . 49 . . . . . . . 850 . Cannons 4180 | . 426 67 . 1760 189 . . . . . . 1738 . Explosions 1165 | . . . . 203 962 . . . . . . . . Melee 3721 | . . . . . 147 239 . 620 670 1254 791 . . Ramming 94 | . . . . . . . . . . . . 23 71 Kinetic 3326 | 183 1036 67 . 1809 189 . . . . . . 42 . Thermal 1443 | . . . . . . . . . . . . 1443 . Explosive 1165 | . . . . 203 962 . . . . . . . . Electromagnetic 1103 | . . . . . . . . . . . . 1103 . Impact 458 | . . . . . . . . 383 75 . . . . Slashing 3263 | . . . . . 147 239 . 237 595 1254 791 . . Piercing . | . . . . . . . . . . . . . . Highest Corruption 15 | . . . . 4 . . . . 3 . 10 14 15 Average Corruption 7 | . . . . 4 . . . . 2 . 5 7 8 Corruption Purged . | . . . . . . . . . . . . . . Corruption Blocked . | . . . . . . . . . . . . . . Effects 42 | . . . . . . . . . 1 . 3 29 9 Message Errors 10 | . . . . . . . . . 1 . 1 6 2 Matter Fused 10 | . . . . . . . . . . . 2 8 . Heat Flow Errors 4 | . . . . . . . . . . . . 4 . Energy Discharges 3 | . . . . . . . . . . . . 2 1 Parts Rejected 2 | . . . . . . . . . . . . . 2 Parts Fused 1 | . . . . . . . . . . . . 1 . Data Loss (major) 6 | . . . . . . . . . . . . 4 2 Misdirections 5 | . . . . . . . . . . . . 3 2 Weapon Failures 1 | . . . . . . . . . . . . 1 . Overload Shots . | . . . . . . . . . . . . . . Overflow Damage 892 | . 27 . . 15 17 21 . 250 227 206 91 38 . Projectiles 80 | . 27 . . 15 . . . . . . . 38 . Explosions 17 | . . . . . 17 . . . . . . . . Melee 795 | . . . . . . 21 . 250 227 206 91 . . Knockbacks 27 | . 6 . . 18 3 . . . . . . . . Impact . | . . . . . . . . . . . . . . Kinetic 24 | . 6 . . 16 2 . . . . . . . . Secondary 3 | . . . . 2 1 . . . . . . . . Self-Inflicted Damage 33 | . . . . . . . . . . . . 3 30 Shots . | . . . . . . . . . . . . . . Rammed 25 | . . . . . . . . . . . . 9 16 Targets Rammed 26 | . . . . . . . . . . . . 10 16 Kicked . | . . . . . . . . . . . . . . Crushed 1 | . . . . . . . . . . . . 1 . Highest Temperature 472 | . 30 12 . 99 15 94 . 3 51 152 10 472 . Average Temperature 34 | . 9 7 . 37 5 26 . 3 18 31 4 85 . Received Heat Transfer 1851 | . 168 . . 765 186 60 . 12 57 . . 522 81 Effects 5 | . . . . . . . . . . . . 5 . Shutdowns 3 | . . . . . . . . . . . . 3 . Matter Decay 1 | . . . . . . . . . . . . 1 . Short Circuit 1 | . . . . . . . . . . . . 1 . Siege Activations 3 | . . . . . . . . . . . . 3 . Total Turns 51 | . . . . . . . . . . . . 51 . Longest Duration 26 | . . . . . . . . . . . . 26 . Martial Activations . | . . . . . . . . . . . . . . Shielding Activations . | . . . . . . . . . . . . . . Robots Disrupted 1 | . . . . . . . . . . . . 1 . Combat Hostiles 1 | . . . . . . . . . . . . 1 . Robots Corrupted 8 | . . . . . . . . 2 . . . 6 . Combat Hostiles 8 | . . . . . . . . 2 . . . 6 . Parts Fried 17 | . . . . . . . . 7 . . . 10 . Impact Corruptions 10 | . . . . . . . . 8 2 . . . . Robots Melted 1 | . . . . . . . . . . . . 1 . Combat Hostiles 1 | . . . . . . . . . . . . 1 . Parts Melted 3 | . . . . . . . . . . . . 3 . Heat Transferred 1369 | . . . . . . . . . . . . 1369 . Parts Sabotaged . | . . . . . . . . . . . . . . Parts Stolen . | . . . . . . . . . . . . . . Parts Stripped . | . . . . . . . . . . . . . . Power Chain Reactions . | . . . . . . . . . . . . . . Alert | -11 -10 -10 -10 -8 -7 -6 -6 -6 -5 -4 -3 -2 -1 ------- Run | Yrd Mat Min Sub Mat Fac Fac Was Fac Fac Fac Res Res Acc Maximum Alert Level 1 | . . . . . 1 . . . . . . . 1 Low Security (%) 95 | 100 100 100 . 100 62 100 100 100 100 100 100 100 96 Level 1 4 | . . . . . 37 . . . . . . . 3 Level 2 . | . . . . . . . . . . . . . . Level 3 . | . . . . . . . . . . . . . . Level 4 . | . . . . . . . . . . . . . . Level 5 . | . . . . . . . . . . . . . . High Security . | . . . . . . . . . . . . . . Max Security . | . . . . . . . . . . . . . . Peak Influence 273 | 10 150 50 . 182 273 127 44 56 75 95 22 161 239 Initial 105 | . . 31 . . 67 105 44 30 16 31 15 . 84 Average 55 | 2 90 8 . 97 117 111 44 36 14 17 3 31 128 Influence Increases 3947 | 30 430 50 . 642 487 152 . 253 259 416 87 691 450 Destroy 0b10 Robot/C 1260 | . 300 40 . 340 160 . . 40 . 80 . 300 . Destroy 0b10 Robot/NC 225 | 30 30 . . 40 20 10 . 10 25 45 10 5 . Destroy Leader 332 | . 68 10 . 88 34 . . 20 4 26 2 80 . Successful Hack 197 | . . . . 50 25 . . 62 11 44 5 . . Disable Machine 330 | . 15 . . 30 135 15 . 60 45 15 15 . . Destroy Structure 313 | . 2 . . 19 68 22 . 31 54 56 40 21 . Partial Spotted 225 | . . . . . 45 45 . 15 45 60 15 . . Lose Combat Pursuer 1065 | . 15 . . 75 . 60 . 15 75 90 . 285 450 Influence Decreases 3773 | 30 347 113 20 494 419 241 83 262 229 451 117 550 417 Entered New Map 477 | . . 52 11 . 81 111 83 14 19 34 15 . 57 Time Decay 2524 | 30 327 61 9 424 328 110 . 198 193 308 93 293 150 Search Patrol Dispatched 100 | . . . . . . . . . . . . . 100 Lost Part 576 | . 20 . . 70 10 20 . 40 10 30 9 257 110 Lost Ally 10 | . . . . . . . . 10 . . . . . Purge Threat 86 | . . . . . . . . . 7 79 . . . Squads Dispatched 36 | . 2 . . 1 4 4 . 6 4 3 1 4 7 Investigation 6 | . 1 . . . 2 . . 1 1 . . . 1 Extermination 16 | . . . . . 2 1 . 1 2 3 1 4 2 Reinforcement 13 | . 1 . . 1 . 2 . 4 1 . . . 4 Assault . | . . . . . . . . . . . . . . Garrison 1 | . . . . . . 1 . . . . . . . Intercept . | . . . . . . . . . . . . . . Searches Triggered 1 | . . . . . . . . . . . . . 1 Construction Impeded . | . . . . . . . . . . . . . . Haulers Reinforced 2 | . . . . . . . . 1 . . . . 1 Active Scanning Responses . | . . . . . . . . . . . . . . Cargo Convoy Interrupts . | . . . . . . . . . . . . . . Stealth | -11 -10 -10 -10 -8 -7 -6 -6 -6 -5 -4 -3 -2 -1 --------- Run | Yrd Mat Min Sub Mat Fac Fac Was Fac Fac Fac Res Res Acc Distress Signals 7 | . 1 . . 1 . . . . 1 . . 1 3 Communications Jammed 27 | . . . . . . . . . . 10 11 6 . Distress Signals 27 | . . . . . . . . . . 10 11 6 . Times Spotted 257 | . 20 2 . 34 14 9 5 9 25 17 15 51 56 Peak Tracking Total 28 | . 3 2 . 6 6 5 5 4 12 4 6 11 28 Tactical Retreats 40 | . 1 . . 3 . 2 . 1 6 5 1 10 11 ECM-based Alert Blocks 16 | . . . . . . . . . 12 . 3 1 . Traps | -11 -10 -10 -10 -8 -7 -6 -6 -6 -5 -4 -3 -2 -1 ------- Run | Yrd Mat Min Sub Mat Fac Fac Was Fac Fac Fac Res Res Acc Traps Triggered 15 | . 1 . . 1 2 1 . . . 5 2 2 1 Indirectly . | . . . . . . . . . . . . . . Trap Hack Attempts . | . . . . . . . . . . . . . . Triggered . | . . . . . . . . . . . . . . Disarmed . | . . . . . . . . . . . . . . Reprogrammed . | . . . . . . . . . . . . . . Reused . | . . . . . . . . . . . . . . Traps Extracted . | . . . . . . . . . . . . . . Installed . | . . . . . . . . . . . . . . Triggered . | . . . . . . . . . . . . . . Machines | -11 -10 -10 -10 -8 -7 -6 -6 -6 -5 -4 -3 -2 -1 ---------- Run | Yrd Mat Min Sub Mat Fac Fac Was Fac Fac Fac Res Res Acc Machines Disabled 22 | . 1 . . 2 9 1 . 4 3 1 1 . . Max in Single Turn 4 | . 1 . . 1 4 1 . 1 1 1 1 . . Garrison Access 3 | . . . . . 1 . . . . 1 . 1 . Machines Repaired . | . . . . . . . . . . . . . . Machines Dismantled . | . . . . . . . . . . . . . . Machines Sabotaged . | . . . . . . . . . . . . . . Overloaded Fab Kills . | . . . . . . . . . . . . . . Hacking | -11 -10 -10 -10 -8 -7 -6 -6 -6 -5 -4 -3 -2 -1 --------- Run | Yrd Mat Min Sub Mat Fac Fac Was Fac Fac Fac Res Res Acc Machines Accessed 71 | . 5 . . 6 9 2 . 12 9 12 5 7 4 Terminals 48 | . 5 . . 5 6 1 . 9 5 6 2 5 4 Fabricators 1 | . . . . . . . . . 1 . . . . Repair Stations 3 | . . . . . . . . . 2 1 . . . Recycling Units 6 | . . . . . 1 . . 1 1 1 1 1 . Scanalyzers 6 | . . . . 1 . . . 1 . 2 2 . . Garrison Access 7 | . . . . . 2 1 . 1 . 2 . 1 . Total Hacks 186 | . 13 . . 19 19 3 . 27 30 30 12 27 6 Successful 102 | . 2 . . 12 10 . . 14 20 17 8 19 . Failed 83 | . 11 . . 7 9 3 . 13 10 13 4 7 6 Catastrophic 15 | . 3 . . . 2 1 . 3 . 2 . 1 3 Database Lockouts 1 | . . . . . . . . . . . . 1 . Manual 95 | . 7 . . 8 7 1 . 15 14 15 3 17 8 Terminals 138 | . 13 . . 14 12 1 . 21 21 18 9 23 6 Fabricators 3 | . . . . . . . . . 3 . . . . Repair Stations 6 | . . . . . . . . . 4 2 . . . Recycling Units 14 | . . . . . 3 . . 2 2 3 1 3 . Scanalyzers 13 | . . . . 5 . . . 2 . 4 2 . . Garrison Access 12 | . . . . . 4 2 . 2 . 3 . 1 . Terminal Hacks 53 | . 2 . . 4 6 . . 6 8 8 6 13 . Record 12 | . . . . . 1 . . 2 . 3 2 4 . Part Schematic 2 | . . . . . . . . . 2 . . . . Robot Analysis 2 | . . . . . . . . . . . . 2 . Prototype ID Bank 6 | . 1 . . 1 2 . . 1 1 . . . . Open DSF 3 | . . . . . 1 . . 1 . . 1 . . Level Access Points 4 | . . . . . . . . 1 1 1 . 1 . Branch Access Points 1 | . . . . 1 . . . . . . . . . Emergency Access Points 1 | . . . . . . . . . . . 1 . . Terminal Index 5 | . 1 . . . 1 . . 1 . 1 . 1 . Alert Level 2 | . . . . . . . . . . 1 . 1 . Unreport Threat 4 | . . . . . . . . . 2 2 . . . Dispatch Records 1 | . . . . . . . . . . . . 1 . Hauler Manifests 2 | . . . . 1 . . . . . . . 1 . Registered Components 5 | . . . . 1 1 . . . 1 . 1 1 . Zone Layout 3 | . . . . . . . . . 1 . 1 1 . Fabricator Hacks 2 | . . . . . . . . . 2 . . . . Load Schematic 1 | . . . . . . . . . 1 . . . . Build 1 | . . . . . . . . . 1 . . . . Repair Station Hacks 3 | . . . . . . . . . 2 1 . . . Scan Component 1 | . . . . . . . . . . 1 . . . Refit 2 | . . . . . . . . . 2 . . . . Recycling Unit Hacks 7 | . . . . . 1 . . 2 1 1 1 1 . Retrieve Matter 1 | . . . . . . . . 1 . . . . . Retrieve Components 6 | . . . . . 1 . . 1 1 1 1 1 . Scanalyzer 7 | . . . . 4 . . . 1 . 2 . . . Retrieve Study 7 | . . . . 4 . . . 1 . 2 . . . Garrison Access Hacks 3 | . . . . . 1 . . . . 1 . 1 . Seal Access 3 | . . . . . 1 . . . . 1 . 1 . Unauthorized Hacks 27 | . . . . 4 2 . . 5 7 4 1 4 . Terminals 27 | . . . . 4 2 . . 5 7 4 1 4 . Assimilate 2 | . . . . . . . . 1 1 . . . . Botnet 22 | . . . . 4 2 . . 4 5 3 1 3 . Operators 3 | . . . . . . . . . 1 1 . 1 . Fabricators . | . . . . . . . . . . . . . . Repair Stations . | . . . . . . . . . . . . . . Recycling Units . | . . . . . . . . . . . . . . Scanalyzers . | . . . . . . . . . . . . . . Garrison Access . | . . . . . . . . . . . . . . Data Cores Recovered 1 | . . . . . . . . . 1 . . . . Used 1 | . . . . . . . . . 1 . . . . Hacking Detections 59 | . 4 . . 5 7 2 . 11 9 10 2 5 4 Full Trace Events 4 | . . . . . 1 . . 1 1 . . . 1 Feedback Events . | . . . . . . . . . . . . . . Feedback Blocked . | . . . . . . . . . . . . . . Robot Schematics Acquired . | . . . . . . . . . . . . . . Robots Built . | . . . . . . . . . . . . . . Authchips . | . . . . . . . . . . . . . . Time . | . . . . . . . . . . . . . . Total Robot Build Rating . | . . . . . . . . . . . . . . Part Schematics Acquired 2 | . . . . . . . . . 2 . . . . Parts Built 1 | . . . . . . . . . 1 . . . . Authchips . | . . . . . . . . . . . . . . Time 134 | . . . . . . . . . 134 . . . . Total Part Build Rating 4 | . . . . . . . . . 4 . . . . Part Studies Acquired 7 | . . . . 4 . . . 1 . 2 . . . Parts Repaired . | . . . . . . . . . . . . . . Time . | . . . . . . . . . . . . . . Parts Recycled . | . . . . . . . . . . . . . . Recycled Matter . | . . . . . . . . . . . . . . Retrieved Matter . | . . . . . . . . . . . . . . Retrieved Components 19 | . . . . . 1 . . 2 2 10 2 2 . Parts Scanalyzed . | . . . . . . . . . . . . . . Part Schematics Acquired . | . . . . . . . . . . . . . . Parts Damaged . | . . . . . . . . . . . . . . Bothacking | -11 -10 -10 -10 -8 -7 -6 -6 -6 -5 -4 -3 -2 -1 ------------ Run | Yrd Mat Min Sub Mat Fac Fac Was Fac Fac Fac Res Res Acc Used RIF Installer . | . . . . . . . . . . . . . . Robots Hacked . | . . . . . . . . . . . . . . Non-combat . | . . . . . . . . . . . . . . Combat . | . . . . . . . . . . . . . . Robot Hacks Applied . | . . . . . . . . . . . . . . Relay Couplers Released . | . . . . . . . . . . . . . . Fabnet Peak Effective % . | . . . . . . . . . . . . . . Robots Rewired . | . . . . . . . . . . . . . . Allies Hacked . | . . . . . . . . . . . . . . Hacks Repelled . | . . . . . . . . . . . . . . Allies | -11 -10 -10 -10 -8 -7 -6 -6 -6 -5 -4 -3 -2 -1 -------- Run | Yrd Mat Min Sub Mat Fac Fac Was Fac Fac Fac Res Res Acc Total Allies 1 | . . . . . . . . 1 . . . . . Largest Group 1 | . . . . . . . . 1 . . . . . Highest-Rated Group 10 | . . . . . . . . 10 . . . . . Highest-Rated Ally 10 | . . . . . . . . 10 . . . . . Total Orders . | . . . . . . . . . . . . . . Ally Attacks . | . . . . . . . . . . . . . . Total Damage . | . . . . . . . . . . . . . . Kills . | . . . . . . . . . . . . . . Allies Corrupted . | . . . . . . . . . . . . . . Allies Melted . | . . . . . . . . . . . . . . Intel | -11 -10 -10 -10 -8 -7 -6 -6 -6 -5 -4 -3 -2 -1 ------- Run | Yrd Mat Min Sub Mat Fac Fac Was Fac Fac Fac Res Res Acc Active Infowar (turns) 7227 | 29 756 382 42 783 868 234 19 414 578 1151 473 1248 250 Optics 4706 | . . . . . 574 234 19 414 578 1150 463 1024 250 Sensors 2163 | . . . . . 105 234 19 396 125 855 429 . . Terrain 3662 | . 600 382 42 363 . . . . 209 1151 432 483 . Structural 269 | . . . . . 269 . . . . . . . . Seismic 966 | 29 156 . . 781 . . . . . . . . . Machine Analysis 4836 | . . . . . 868 234 19 414 578 1151 463 1109 . Jamming 2596 | . . . . . . . . . . 1150 462 984 . ECM 386 | . . . . . . . . . 183 37 50 116 . Robot Analysis Total 2 | . . . . . . . . . . . . 2 . Derelict Logs Recovered 2 | . . 2 . . . . . . . . . . . Drone Launches . | . . . . . . . . . . . . . . Drone Recoveries . | . . . . . . . . . . . . . . Exploration | -11 -10 -10 -10 -8 -7 -6 -6 -6 -5 -4 -3 -2 -1 ------------- Run | Yrd Mat Min Sub Mat Fac Fac Was Fac Fac Fac Res Res Acc Turns Passed 7994 | 167 799 382 42 1095 873 234 19 414 578 1151 473 1452 315 Spaces Moved 9763 | 107 501 300 34 542 1351 393 74 889 1378 1961 819 993 421 Core 786 | . . . . . . . . . . . . 404 382 Treads 510 | . . . . 411 . . . . . . . 96 3 Legs 60 | 60 . . . . . . . . . . . . . Wheels 1201 | 47 501 300 34 131 174 . . . . . . 14 . Hover 161 | . . . . . . . . . . . . 161 . Flight 7045 | . . . . . 1177 393 74 889 1378 1961 819 318 36 Fastest Speed 17 | 95 95 125 125 115 23 17 26 26 25 21 25 27 20 Average Speed 50 | 109 107 125 125 150 44 22 26 26 30 25 25 75 65 Slowest Speed 1450 | 120 125 125 125 240 145 29 26 32 34 32 30 1450 250 Overloaded Moves 93 | . . . . . . 13 . . 49 22 . 9 . Propulsion Burnouts . | . . . . . . . . . . . . . . Robots Hopped 31 | . . . . . 4 2 . 2 15 1 7 . . Potential Cave-ins . | . . . . . . . . . . . . . . Cave-ins Triggered . | . . . . . . . . . . . . . . Exploration Rate (%) 33 | 4 72 73 4 41 37 12 80 23 22 34 23 27 20 Regions Visited 13 Branch Regions 2 Pre-discovered Areas 2 | . . 1 1 . . . . . . . . . . Known Exits Taken 6 | . . . . . 1 . . 1 1 1 1 1 . Unknown Exits Taken 5 | 1 1 1 1 1 . . . . . . . . . Scrap Searched . | . . . . . . . . . . . . . . Spaces Dug 147 | . . . . . 19 22 . 31 27 28 20 . . Terrain Destroyed 229 | . 1 . . 17 76 22 . 31 27 28 20 7 . Melee 147 | . . . . . 19 22 . 31 27 28 20 . . Projectile 13 | . 1 . . 5 . . . . . . . 7 . AOE 69 | . . . . 12 57 . . . . . . . . Terrain Rammed . | . . . . . . . . . . . . . . Walls Destroyed . | . . . . . . . . . . . . . . Machines Disabled . | . . . . . . . . . . . . . . Actions | -11 -10 -10 -10 -8 -7 -6 -6 -6 -5 -4 -3 -2 -1 --------- Run | Yrd Mat Min Sub Mat Fac Fac Was Fac Fac Fac Res Res Acc Total 11892 | 130 644 304 33 679 1549 473 73 987 1458 2519 1009 1576 458 Wait 1183 | . 56 . . 16 68 29 . 33 15 425 112 429 . Move 9691 | 106 500 299 33 541 1342 389 73 884 1347 1958 806 992 421 Hop 29 | . . . . . 4 2 . 2 15 1 5 . . Pick Up 91 | 3 13 1 . 13 17 3 . 4 5 9 12 10 1 Fast Attach 85 | 2 . . . 7 4 . . 2 8 11 1 40 10 Attach 60 | 1 2 . . 7 11 2 . . 8 7 8 13 1 Detach 20 | . . . . . 1 . . . 4 4 4 6 1 Swap 45 | . 5 1 . 5 7 1 . 5 2 6 6 7 . Drop 97 | 3 5 1 . 7 29 3 . 8 9 9 10 6 7 Fire 245 | 15 63 2 . 83 21 . . . . . . 61 . Melee 279 | . . . . . 37 44 . 49 45 59 45 . . Ram 19 | . . . . . . . . . . . . 2 17 Kick . | . . . . . . . . . . . . . . Crush 8 | . . . . . . . . . . . . 8 . Escape Stasis 40 | . . . . . 8 . . . . 30 . 2 . Rewire . | . . . . . . . . . . . . . . Trap . | . . . . . . . . . . . . . . Miscellaneous . | . . . . . . . . . . . . . . Route ------- -11/Scrapyard -10/Materials (discovered 3 exits: [*Mat x2] / [*Min]) -10/Mines -10/Subcaves -8/Materials -7/Factory -6/Factory -6/Waste -6/Factory (discovered 4 exits: *Fac x4) -5/Factory (discovered 6 exits: *Fac x4 / *Upp x2) -4/Factory (discovered 4 exits: *Res x4) -3/Research -2/Research (discovered 3 exits: *Acc x3) -1/Access History --------- Turn | Location | Event 1 | -11/Scrapyard | Discovered new exit (range 2) 168 | -11/Scrapyard | Entered Materials 302 | -10/Materials | Build established: Mutant 586 | -10/Materials | Discovered new exit (range 15) 661 | -10/Materials | Discovered new exit (range 14) 814 | -10/Materials | Discovered new exit (range 7) 967 | -10/Materials | Entered Mines 1017 | -10/Mines | Learned Materials terminal intel 1053 | -10/Mines | Met a Derelict bent on vengeance 1177 | -10/Mines | Learned location of Zion (-7) 1340 | -10/Mines | Discovered new exit (range 8) 1349 | -10/Mines | Entered Subcaves 1350 | -10/Subcaves | Approached by a straggling Scientist 1365 | -10/Subcaves | Met a Zionite searching for "candidates" 1382 | -10/Subcaves | Discovered new exit (range 8) 1391 | -10/Subcaves | Entered Materials 1391 | -8/Materials | Evolved 4 slots: Propulsion x2, Utility x2 1392 | -8/Materials | Loaded intel: 12 terminal locations 2073 | -8/Materials | Discovered new exit (range 16) 2486 | -8/Materials | Entered Factory 2486 | -7/Factory | Evolved 2 slots: Propulsion x1, Utility x1 3018 | -7/Factory | Discovered new exit (range 18) 3043 | -7/Factory | Build established: Scavenger-Sprinter 3358 | -7/Factory | Identified exit to Factory 3359 | -7/Factory | Entered another Factory area 3359 | -6/Factory | Evolved 2 slots: Power x1, Propulsion x1 3593 | -6/Factory | Sucked down chute 3593 | -6/Factory | Entered Waste 3597 | -6/Waste | Spotted C-40 Crusher 3599 | -6/Waste | Spotted C-40 Crusher 3599 | -6/Waste | Spotted C-40 Crusher 3599 | -6/Waste | Spotted C-40 Crusher 3605 | -6/Waste | Spotted C-40 Crusher 3606 | -6/Waste | Spotted C-40 Crusher 3610 | -6/Waste | Discovered new exit (range 11) 3612 | -6/Waste | Identified exit to Factory 3612 | -6/Waste | Entered Factory 3846 | -6/Factory | Build established: Scout 3907 | -6/Factory | Identified exit to Factory 4026 | -6/Factory | Entered another Factory area 4026 | -5/Factory | Evolved 2 slots: Utility x2 4042 | -5/Factory | Lost 4 parts (1p2n1u) 4303 | -5/Factory | Discovered new exit (range 5) 4304 | -5/Factory | Identified exit to Upper Caves 4353 | -5/Factory | Identified exit to Factory 4464 | -5/Factory | Discovered exit to Upper Caves (range 19) 4530 | -5/Factory | Fabricated Cld. VTOL Module (x1) 4604 | -5/Factory | Entered another Factory area 4604 | -4/Factory | Evolved 2 slots: Utility x2 4684 | -4/Factory | Build established: Hacker-Sprinter 5187 | -4/Factory | Build established: Scavenger-Ninja 5238 | -4/Factory | Spotted B-86 Titan 5279 | -4/Factory | Discovered new exit (range 4) 5280 | -4/Factory | Identified exit to Research 5755 | -4/Factory | Entered Research 5755 | -3/Research | Evolved 2 slots: Propulsion x1, Utility x1 5760 | -3/Research | Identified exit to DSF 5890 | -3/Research | Lost 3 parts (1p1n1w) 6004 | -3/Research | Spotted B-86 Titan 6138 | -3/Research | Build established: Hacker-Ninja 6202 | -3/Research | System corruption reached 10% 6223 | -3/Research | Discovered new exit (range 10) 6227 | -3/Research | Identified exit to Research 6228 | -3/Research | Entered another Research area 6228 | -2/Research | Evolved 2 slots: Utility x2 6234 | -2/Research | Watched by a mysterious "MATRIX" hacker 6242 | -2/Research | Identified exit to Access 6242 | -2/Research | Central database locked down 6251 | -2/Research | Lost 6 parts (1p2n2u1w) 6485 | -2/Research | Build established: Hacker-Sprinter 6614 | -2/Research | Spotted B-90 Cyclops 6742 | -2/Research | Lost 4 parts (2p1u1w) 6844 | -2/Research | Lost 7 parts (2p2n1u2w) 6950 | -2/Research | Build established: Wizard-Mutant 7087 | -2/Research | Lost 4 parts (1p1n1u1w) 7182 | -2/Research | Lost 3 parts (1n2u) 7328 | -2/Research | Lost 5 parts (1p1n1u2w) 7426 | -2/Research | Core integrity fell below 50% 7428 | -2/Research | Lost 11 parts (1p3n5u2w) 7454 | -2/Research | System corruption reached 10% 7474 | -2/Research | Spotted B-90 Cyclops 7640 | -2/Research | Spotted B-90 Cyclops 7680 | -2/Research | Entered Access 7680 | -1/Access | Evolved 2 slots: Utility x2 7704 | -1/Access | Lost 4 parts (2n2u) 7792 | -1/Access | Spotted B-99 Colossus 7813 | -1/Access | Lost 4 parts (4n) 7836 | -1/Access | Core integrity fell below 50% 7849 | -1/Access | Spotted B-99 Colossus 7918 | -1/Access | System corruption reached 10% 7930 | -1/Access | Search patrols dispatched 7943 | -1/Access | Build established: Mutant 7969 | -1/Access | Core integrity fell below 20% 7995 | -1/Access | Destroyed by S-43 Plague with Heavy Machine Gun Last Messages --------------- 07950_ Acquired 40 matter. 07951_ Acquired Xenon Bombardment Thruster. 07960_ P-80 Master resets A-15 Conveyor, system corruption cleaned. 07964_ P-80 Master resets P-80 Master, system corruption cleaned. 07965_ Adv. Heavy Siege Treads destroyed. 07967_ System corrupted: Xenon Bombardment Thruster rejected. 07969_ P-80 Master resets A-15 Conveyor, system corruption cleaned. 07970_ P-80 Master resets S-43 Plague, system corruption cleaned. 07980_ ALERT: Potential suspicious activity detected, Programmers report to Access Zone 8Q. 07986_ System corrupted: Broken Exp. Biometal Medium Treads rejected. 07989_ Broken Arm. Medium Treads destroyed. 07990_ Adv. Terrain Scan Processor destroyed. Map ----- +----------------------------------------------------+ | | | | | | | | | | | | | | | | | ???????????????????????????????????? | | ???????????????????????????????????? | | ????????????????????#####???##?????? | | ????????????????????# ?? #?????? | | ????????????????????# #?????? | | ????????????????????# " #?????? | | ????????????????????# """ #?????? | | ????????????????????# """ #?????? | | ????????????????????# " #?????? | | ????????????????????# #?????? | | ????????????????????# ???????? | | ???????############## ?????????? | | ???????# ###+####???????? | | ???????# ######### | | ???????# | | ???????+ | | ???????# ssss | | ???????### @ s s = | | ?????????# !! " " | | ?????????#+#### ! """ """ | | ??????????????# ! """ """ | | ??????????????+ " " | | ??????????????# | | ??????????????# | | ??????????????# | | ??????????????# | | ??????????????# | | ??????????????# ############ | | ??????????????# #??????????? | | ?????????????? #??????????? | | ??????????????? ????????????? | | ??????????????????? ??????????????? | | ???????????????????????????????????? | | ???????????????????????????????????? | | ???????????????????????????????????? | | ???????????????????????????????????? | | ???????????????????????????????????? | | ???????????????????????????????????? | | ???????????????????????????????????? | | ???????????????????????????????????? | | ???????????????????????????????????? | | ???????????????????????????????????? | +----------------------------------------------------+ Best States ------------- Heat Dissipation 87 Energy Generation 45 Energy Capacity 430 Matter Stores 300 Matter Capacity 300 Sight Range 23 Robot Scan Range 16 Terrain Scan Range 20 Terrain Scan Density 210 ECM Strength 2 Jamming Range 16 Armor Coverage 600 Resistance: TH 15 Evasion (%) 66 Targeting Accuracy 8 Target Analysis 12 Recoil Reduction 6 Offensive Hacking 42 Defensive Hacking 24 Item Schematics ----------------- Imp. Flight Unit | -5/Factory | Hacked Cld. VTOL Module | -5/Factory | Hacked Robot Schematics ------------------ None Fabricated ------------ Cld. VTOL Module | x1 | -5/Factory Repaired ---------- Nothing Studied --------- Mni. Grenade Launcher | -8/Materials | Hacked Datajack | -8/Materials | Hacked Wheel | -8/Materials | Hacked Imp. Light Cannon | -8/Materials | Hacked Lgt. Fission Core | -6/Factory | Hacked Chainsword | -4/Factory | Hacked Lgt. Nuclear Core | -4/Factory | Hacked Alien Tech Used ----------------- None Achievements -------------- Denied? Fitting Room Hey, That's Mine! Immobile And Lovin' It Infodabbler Physics Hates This One Trick Prolific Hacker Watch This! Challenges ------------ None Game ------ Seed LightpackRainbowGravjet Manual? 0 Play Time 03:38:14 Cumulative 32.0 hours Start 2026.07.22 @ 18:53:50 End 2026.07.23 @ 20:39:56 Sessions 7 Manual Loads 0 Difficulty Rogue Special Mode None Game No. 38 Rogue 38 Adventurer 0 Explorer 0 Win Type - Total 0 Types 0/0/0/0/0/0/0/0/0/0 Lore% 23 Gallery% 24 Achievement% 22 Wizard Run 0 Options --------- Layout 2 ASCII 0 Keyboard 1 Movement Numpad Keybinds 1 Fullscreen 2 Font 24/Terminus Map View 50x44 Zoom Use 0% Tactical HUD 1 Map Filters NONE Filters LOW_CONTRAST(18,8,8)|SATURATION(90)|BRIGHTNESS(90) Steam 1 RUN: e3d8d440-abce-42c7-a67f-902e6725fb3a